 Dungeon Crawl Stone Soup version 0.27-a0-1051-g288ea87c7c (webtiles) character file.

Game seed: 6071992356083036178

946 siradein the Conjurer (level 7, -1/46 HPs)
             Began as a Demonspawn Conjurer on Apr 21, 2021.
             Killed by nerve-wracking pain
             ... invoked by Menkaure
              (5 damage)
             ... on level 3 of the Dungeon.
             The game lasted 00:13:38 (4085 turns).

siradein the Conjurer (Demonspawn Conjurer)         Turns: 4085, Time: 00:13:38

Health: -1/46      AC:  7    Str:  7    XL:     7   Next: 89%
Magic:  16/16      EV: 27    Int: 21    God:
Gold:   159        SH:  0    Dex: 16    Spells: 12/18 levels left

rFire    . . .     SeeInvis .   l - +5 trident of Ceag {vamp, rN+ Dex+4}
rCold    . . .     Faith    .   (no shield)
rNeg     + . .     Spirit   .   a - +0 robe
rPois    .         Reflect  .   (no helmet)
rElec    .         Harm     .   (no cloak)
rCorr    .         Rampage  .   h - +2 pair of gloves {Stlth+}
Will     .....                  (no boots)
Stlth    +++.......             m - amulet of the acrobat
HPRegen  0.15/turn              (no ring)
MPRegen  0.15/turn              (no ring)

@: acrobatic
A: talons 1, slimy green scales 1, demonic guardian 3
a: no special abilities


You were on level 3 of the Dungeon.
You visited 1 branch of the dungeon, and saw 4 of its levels.

You collected 159 gold pieces.

Inventory:

Hand Weapons
 l - the +5 trident of Ceag (weapon) {vamp, rN+ Dex+4}
   (You found it on level 4 of the Dungeon)

   It inflicts no extra harm, but heals its wielder when it wounds a living foe.
   It affects your dexterity (+4).
   It protects you from negative energy.
Armour
 a - a +0 robe (worn)
 h - a +2 pair of gloves of stealth (worn)
Jewellery
 m - an amulet of the acrobat (around neck)
 p - an amulet of guardian spirit
Scrolls
 c - 3 scrolls of enchant armour {unknown}
 i - a scroll of enchant weapon {unknown}
 k - a scroll of noise {unknown}
Potions
 b - a potion of attraction
 d - a potion of resistance
 e - 2 potions of heal wounds
 f - a potion of invisibility
 n - 2 potions of mutation {unknown}
 o - a potion of lignification {unknown}


   Skills:
 - Level 1.7 Dodging
 - Level 1.7 Stealth
 + Level 6.1 Spellcasting
 + Level 7.6 Conjurations


You had 12 spell levels left.
You knew the following spells:

 Your Spells              Type           Power      Damage    Failure   Level
a - Magic Dart            Conj           100%       1d8       1%          1
b - Searing Ray           Conj           76%        3d6       1%          2
c - Dazzling Flash        Conj/Hex       44%        N/A       6%          3

Your spell library contained the following spells:

 Spells                   Type           Power      Damage    Failure   Level
 Conjure Flame            Conj/Fire      22%        6-21      6%          3
 Animate Skeleton         Necr           12%        N/A       10%         1
 Pain                     Necr           24%        1d5       10%         1
 Mephitic Cloud           Conj/Pois/Air  17%        N/A       11%         3
 Blink                    Tloc           N/A        N/A       14%         2
 Call Imp                 Summ           6%         N/A       14%         2
 Slow                     Hex            6%         N/A       14%         2
 Fulminant Prism          Conj/Hex       11%        3d9       21%         4
 Iskenderun's Mystic Bla  Conj/Tloc      22%        2d6       21%         4
 Vampiric Draining        Necr           3%         2d6       28%         3
 Animate Dead             Necr           3%         N/A       67%         4
 Agony                    Necr           6%         N/A       95%         5


Dungeon Overview and Level Annotations

Branches:
Dungeon (4/15)
 Temple: D:4-7

Altars:
Trog
The Shining One

Shops:
D:1 *

Annotations:
D:3 Menkaure


Innate Abilities, Weirdness & Mutations

You have sharp toenails.
You are partially covered in slimy green scales. (AC +2)
A powerful demonic guardian rushes to your aid.


Message History

You puncture the hound!
You kill the hound!
No target in view!
Menkaure shouts!
Menkaure mumbles some strange words.
Menkaure seems to speed up.
Casting: Magic Dart (safe; 1% risk of failure)
Confirm with . or Enter, or press ? or * to list all spells.
Aiming: Searing Ray (safe; 1% risk of failure)
Press: ? - help, Shift-Dir - straight line, f - Menkaure
Aim: Menkaure (fast, 91% to hit)
The searing ray hits Menkaure!
Menkaure is moderately damaged. (Press . to maintain the ray.) Menkaure completely misses you.
You hit Menkaure but do no damage.
Menkaure is moderately damaged.
Menkaure points at you and mumbles some strange words.
Pain shoots through your body!
You barely miss Menkaure. You claw Menkaure.
Menkaure is heavily damaged.
Menkaure hits you. Menkaure hits you!! Menkaure casts a spell at you.
You struggle to resist.
Menkaure calls on the powers of darkness!
Your body is wracked with pain!
* * * LOW HITPOINT WARNING * * *
There is a stone staircase leading up here.
Menkaure casts a spell at you. Pain shoots through your body!
* * * LOW HITPOINT WARNING * * *
A demonic guardian appears!
You climb upwards.
There is a stone staircase leading down here.
Menkaure points at you and mumbles some strange words.
Pain shoots through your body!
* * * LOW HITPOINT WARNING * * *
Menkaure gestures at you while chanting.
Pain shoots through your body!
You die...

#########.#.......##.#.# ###
#.........#.#####....... ..#
#...#####...# #..#.#..
#.########...#####.###
#....#..
..................>####
##.###..
...#######...##.###...#
#.#.... #..# ####.####.# #.#.#
#.##### ...# #.)..# #.###.#.#
#.# #..####.#### #.@.M.#.# #.#
#.......# #########.# #.#
##.##########.....###.#####.#
##.###........###.#.........##
.....#........# #.##.#.#.....#
####.#.......<# #.##.#.#.###.#
≈§§#.#.......## #....#.......#
§.≈#.#.......###########.#####
(.≈###.......'...........#


You could see Menkaure (fast).

Vanquished Creatures
  Grinder (D:3)
  3 hounds (D:4)
  An iguana (D:3)
  A hound skeleton (D:4)
  7 gnolls
  4 adders
  A worm (D:3)
  A dart slug (D:1)
  2 orcs
  A bat (D:2)
  4 endoplasms
  6 giant cockroaches
  2 jackals
  4 quokkas
  6 ball pythons
  A frilled lizard (D:1)
  8 goblins
  9 kobolds
  7 rats
69 creatures vanquished.

Vanquished Creatures (collateral kills)
  Pikel (D:4)
  A scorpion (D:4)
  An orc priest (D:4)
  2 orcs (D:4)
5 creatures vanquished.

Grand Total: 74 creatures vanquished

Notes
Turn   | Place    | Note
-------+----------+-------------------------------------------
     0 | D:1      | siradein the Demonspawn Conjurer began the quest for the
                  | Orb.
     0 | D:1      | Reached XP level 1. HP: 13/13 MP: 3/3
   184 | D:1      | Found Peplos's Assorted Antiques.
   265 | D:1      | Gained mutation: You have sharp toenails. [demonic
                  | ancestry]
   265 | D:1      | Reached XP level 2. HP: 19/19 MP: 3/5
  1010 | D:2      | Gained mutation: A weak demonic guardian rushes to your
                  | aid. [demonic ancestry]
  1010 | D:2      | Reached XP level 3. HP: 24/24 MP: 4/7
  1013 | D:2      | Learned a level 2 spell: Searing Ray
  1017 | D:2      | Learned a level 3 spell: Dazzling Flash
  1188 | D:2      | Reached XP level 4. HP: 6/30 MP: 3/8
  1509 | D:2      | You fall into a shaft and drop 1 floor!
  1620 | D:2      | Reached skill level 5 in Conjurations
  2557 | D:3      | You fall into a shaft and drop 1 floor!
  2563 | D:4      | Identified the +5 trident of Ceag {vamp, rN+ Dex+4}
  2629 | D:4      | Gained mutation: A demonic guardian rushes to your aid.
                  | [demonic ancestry]
  2629 | D:4      | Reached XP level 5. HP: 35/35 MP: 10/10
  2684 | D:4      | Noticed Pikel
  2684 | D:4      | Noticed a lemure
  2684 | D:4      | Noticed a lemure
  2696 | D:4      | Noticed a lemure
  2706 | D:4      | Killed Pikel
  2707 | D:4      | Reached skill level 5 in Spellcasting
  2707 | D:4      | Reached skill level 6 in Conjurations
  2707 | D:4      | Gained mutation: A powerful demonic guardian rushes to your
                  | aid. [demonic ancestry]
  2707 | D:4      | Reached XP level 6. HP: 21/41 MP: 4/13
  2707 | D:4      | Gained mutation: You are partially covered in slimy green
                  | scales. (AC +2) [demonic ancestry]
  2707 | D:4      | Reached XP level 7. HP: 23/46 MP: 4/14
  3053 | D:4      | Found a bloodstained altar of Trog.
  3384 | D:3      | Reached skill level 7 in Conjurations
  3443 | D:3      | Noticed Grinder
  3453 | D:3      | Killed Grinder
  4024 | D:4      | Noticed Menkaure
  4085 | D:3      | Killed from afar by Menkaure

Illustrated notes

Levels and vault maps discovered:
D:1:      saegor_arrival_miasma, layout_basic, serial_shops, nicolae_shop_trees,
          grunt_decor_cap, st_stairs_4, dk_noncrumbling_3
D:2:      layout_basic, st_stairs_6
D:3:      layout_basic, kennysheep_generic_room_11, uniq_grinder
D:4:      layout_loops_ring, lemuel_doored_altar, old_standard_altar,
          serial_shops, nicolae_shop_waterfront, uniq_menkaure,
          uniq_crazy_yiuf_cottage, uniq_pikel

Skill      XL: |  1  2  3  4  5  6  7 |
---------------+----------------------+-----
Spellcasting   | 3 5 6 |  6.1
Conjurations   | 5 6 7 |  7.6
Dodging        | |  1.7
Stealth        | |  1.7

Action                   |  1- 3 |  4- 6 |  7- 9 || total
-------------------------+-------+-------+-------++-------
Melee: Trident           |       |     9 |    39 ||    48
       Kick              |       |     4 |     4 ||     8
       Unarmed           |       |     2 |       ||     2
 Cast: Magic Dart        |    46 |    34 |     8 ||    88
       Searing Ray       |     2 |     5 |     7 ||    14
  Use: Scroll            |       |       |     5 ||     5
 Stab: Sleeping          |       |       |     3 ||     3
Armor: Robe              |     1 |     2 |    12 ||    15
Dodge: Dodged            |     7 |    11 |    18 ||    36

Table legend: (Time is in decaauts)
 A = Elapsed time spent in this place.
 B = Non-inter-level travel time spent in this place.
 C = Inter-level travel time spent in this place.
 D = Time resting spent in this place.
 E = Time spent auto-exploring this place.
 F = Levels seen in this place.
 G = Mean time per level.
                   A        B        C        D        E       F      G
               +--------+--------+--------+--------+--------+-----+--------+
         Total |   4100 |   4044 |     56 |      4 |   3489 |   4 | 1025.0 |
       Dungeon |   4100 |   4044 |     56 |      4 |   3489 |   4 | 1025.0 |
               +--------+--------+--------+--------+--------+-----+--------+

Top non-repeatable levels by time:
     D:2: 1196 daAuts
     D:3: 1034 daAuts
     D:4: 1001 daAuts
     D:1: 869 daAuts
